 Dungeon Crawl Stone Soup version 0.14-a0-2986-gd1872aa (webtiles) character file.

298 Psiweapon the Slasher (level 6, -2/47 HPs)
             Began as a Formicid Fighter on Mar 5, 2014.
             Slain by Eustachio
             ... wielding a +0,+0 cutlass
              (6 damage)
             ... on Level 4 of the Dungeon on Mar 6, 2014.
             The game lasted 00:13:07 (3397 turns).

Psiweapon the Slasher (Formicid Fighter)            Turns: 3397, Time: 00:13:08

HP  -2/47        AC  6     Str 23      XL: 6   Next:  2%
MP   8/8         EV  6     Int 12      God:
Gold 106         SH 18     Dex 10      Spells:  0 memorised,  5 levels left

rFire  . . .     SeeInvis +     a - +0 falchion
rCold  . . .     Clarity  .     b - +0 scale mail
rNeg   + . .     Conserve .     c - +0 shield
rPois  .         rCorr    .     (helmet unavailable)
rElec  .         rRot     .     (no cloak)
SustAb . .       Spirit   .     (no gloves)
rMut   .         Warding  .     (no boots)
Saprov . . .     Stasis   +     (no amulet)
MR     .....                    (no ring)
                                v - ring of positive energy {unknown}

@: brilliant, not resistant to hostile enchantments, extremely unstealthy
A: permanent stasis, dig shafts and tunnels, four strong arms, antennae 3
a: Dig, Shaft Self


You were on level 4 of the Dungeon.
You were hungry.

You visited 1 branch of the dungeon, and saw 4 of its levels.

You collected 106 gold pieces.

Inventory:

Hand weapons
 a - a +0,+0 falchion (weapon)
 l - a +0,+2 mace of pain
Missiles
 k - 21 silver sling bullets
 s - 2 tomahawks (quivered)
Armour
 b - a +0 scale mail (worn)
 c - a +0 shield (worn)
Comestibles
 d - 5 bread rations
 j - 2 meat rations
 q - 3 chunks of worker ant flesh
 t - a chunk of giant newt flesh
 u - a chunk of bat flesh
Scrolls
 e - a scroll of amnesia {unknown}
 i - 4 scrolls of fear {unknown}
 m - a scroll of teleportation {unknown}
 n - 3 scrolls of magic mapping {unknown}
 o - 4 scrolls of identify {unknown}
 r - 4 scrolls of remove curse {unknown}
 x - a scroll of immolation {unknown}
Jewellery
 v - a ring of positive energy (left hand) {unknown}
Potions
 f - a potion of magic {unknown}
 g - a potion of curing {unknown}
 h - a potion of beneficial mutation {unknown}
 p - a potion of brilliance


   Skills:
 - Level 3.0 Fighting
 + Level 5.7 Long Blades
 - Level 3.6 Armour
 - Level 3.0 Shields


You had 5 spell levels left.
You didn't know any spells.

Dungeon Overview and Level Annotations

Branches:
Dungeon (4/16)
 Temple: D:4-7

Altars:
Sif Muna
Xom

Annotations:
D:4 exclusion: 9 doors, Eustachio


Innate Abilities, Weirdness & Mutations

Your are under a permanent stasis effect.
You can dig through walls and to a lower floor.
Your four strong arms can wield any weapon, most with a shield.
You have a pair of large antennae on your head (SInv).


Message History

You block the bat's attack. The bat hits you but does no damage.
You closely miss Eustachio. You block the bat's attack.
The bat barely misses you. Eustachio hits you with a cutlass.
* * * LOW HITPOINT WARNING * * *
The bat hits you but does no damage.
You hit Eustachio.
Eustachio is lightly wounded.
The bat hits you but does no damage. Eustachio hits you with a cutlass.
* * * LOW HITPOINT WARNING * * *
You hit Eustachio but do no damage.
Eustachio is lightly wounded.
The bat barely misses you. You block the bat's attack.
Eustachio hits you with a cutlass.
* * * LOW HITPOINT WARNING * * *
You hit Eustachio.
Eustachio is lightly wounded.
The bat hits you but does no damage. Eustachio hits you with a cutlass.
You die...

......#.#..........###
......'.#............##
......###...............
####### ####'##.#.#####
.# #.##...# .###
#...##.+ ...## ###.##.#
##..# #.##.#####.#
###.#### #..@.b.....#
....[..# #.@###.#..##
.......#######..##.##.##
................#### .#
.......#######... ..
.......# ###. ##
####.### .# #.# .# #.# .
####


You could see Eustachio and a bat.

Vanquished Creatures
  A crimson imp (D:4)
  2 worker ants (D:4)
  6 adders
  A green rat (D:4)
  2 giant mites (D:2)
  A shadow imp (D:4)
  2 giant geckos
  3 oozes
  8 bats
  2 giant cockroaches (D:1)
  14 goblins
  5 hobgoblins
  3 jackals (D:3)
  3 quokkas (D:4)
  5 giant newts
  12 kobolds
  6 rats
76 creatures vanquished.

Notes
Turn   | Place    | Note
--------------------------------------------------------------
     0 | D:1      | Psiweapon, the Formicid Fighter, began the quest for the Orb.
     0 | D:1      | Reached XP level 1. HP: 18/18 MP: 1/1
   264 | D:1      | Reached XP level 2. HP: 24/24 MP: 3/3
   708 | D:1      | Reached XP level 3. HP: 22/29 MP: 4/4
  1139 | D:2      | Reached skill level 4 in Long Blades
  1139 | D:2      | Reached XP level 4. HP: 22/35 MP: 5/5
  1286 | D:2      | Upgraded the game from 0.14-a0-2964-g8dc6adb to 0.14-a0-2986-gd1872aa
  2252 | D:3      | Reached XP level 5. HP: 41/41 MP: 7/7
  2276 | D:3      | Found a deep blue altar of Sif Muna.
  2549 | D:3      | Reached skill level 5 in Long Blades
  3114 | D:4      | Found a shimmering altar of Xom.
  3256 | D:4      | Reached XP level 6. HP: 43/47 MP: 8/8
  3336 | D:4      | Noticed Eustachio
  3397 | D:4      | Slain by Eustachio

Action                   |  1- 3 |  4- 6 || total
-------------------------+-------+-------++-------
Melee: Falchion          |   121 |   219 ||   340
Throw: Tomahawk          |       |     4 ||     4
 Abil: Dig               |     1 |     1 ||     2
  Use: Potion            |       |     1 ||     1
